Rhode Island Whales vs Tucson Roadrunners

Created - Tuesday, September 23, 2025 at 08:43

Goals
1 2 3 OT1 T
Rhode Island Whales 1 1 4 0 6
Tucson Roadrunners 2 2 2 1 7
Shots
1 2 3 OT1 T
Rhode Island Whales 15 18 13 0 46
Tucson Roadrunners 7 13 10 3 33

1st period

1. Rhode Island Whales , Alex Newhook 16 (Frank Nazar 32, Jiri Kulich 36) at 3:54 (PP)
2. Tucson Roadrunners , Ivan Ivan 41 (Hunter Haight 22) at 11:04
3. Tucson Roadrunners , Ivan Ivan 42 (Hunter Haight 23) at 19:16

Penalties :
Hunter Drew (TRR) for Interference (Minor) at 3:43, Hunter Haight (TRR) for High sticking (Minor) at 8:09, Ryan O'Rourke (RIW) for Tripping (Minor) at 12:10

2nd period

4. Tucson Roadrunners , Steven Lorentz 32 (Maxwell Crozier 23) at 1:46
5. Tucson Roadrunners , Hunter Haight 21 (Chase Wheatcroft 17, Ivan Ivan 39) at 4:02 (PP)
6. Rhode Island Whales , Eduard Sale 7 (Ryder Rolston 22, Frank Nazar 33) at 14:55

Penalties :
Owen Pickering (RIW) for Tripping (Minor) at 3:47, Trevor Kuntar (TRR) for Tripping (Minor) at 7:49, Chase Wheatcroft (TRR) for Fighting (Major) at 10:07, Oskar Olausson (RIW) for Fighting (Major) at 10:07, Trevor Kuntar (TRR) for Holding Stick (Minor) at 16:55, Samuel Knazko (TRR) for Fighting (Major) at 19:09, Oskar Olausson (RIW) for Fighting (Major) at 19:09

3rd period

7. Tucson Roadrunners , Ivan Ivan 43 (Topias Vilen 17) at 6:11
8. Rhode Island Whales , Alex Newhook 17 (Frank Nazar 34) at 6:28
9. Tucson Roadrunners , Chase Wheatcroft 17 (Topias Vilen 18, Ivan Ivan 40) at 10:19 (PP)
10. Rhode Island Whales , Lukas Reichel 27 (Cam Lund 29) at 14:45
11. Rhode Island Whales , Alex Newhook 18 (Frank Nazar 35) at 18:08
12. Rhode Island Whales , Frank Nazar 16 (Alex Newhook 25) at 19:28

Penalties :
Artyom Levshunov (RIW) for Delaying the game (Minor) at 10:12

Overtime #1

13. Tucson Roadrunners , Ivan Ivan 44 (Topias Vilen 19, Maxwell Crozier 24) at 0:34

Penalties :
No Penalty

Goalie Stats

Cameron Whitehead (RIW), 26 saves from 33 shots - (0.788), OTL, 27-4-4, 59:45 minutes
Arturs Silovs (TRR), 40 saves from 46 shots - (0.870), W, 20-6-0, 60:34 minutes

Players Stats for Rhode Island Whales

Player Name              G  A  P  +/- PIM S  H  SB GA TA FO     MP     PP MP  PK MP  
------------------------------------------------------------------------------------
                         0  0  0   0  0   0  0  0  0  0  0/0     0:00   0:00   0:00 
Alex Newhook             3  1  4   1  0   8  1  0  1  0  0/3    19:45   2:48   1:09 
Artyom Levshunov         0  0  0  -1  2   1  2  0  0  2  0/0    27:50   3:22   1:14 
Cam Lund                 0  1  1   1  0   8  3  0  1  0  8/13   19:51   3:20   0:00 
Cross Hanas              0  0  0   0  0   0  0  0  0  0  0/0     0:48   0:00   0:00 
Eduard Sale              1  0  1   1  0   1  0  1  0  0  1/2     6:56   0:00   0:00 
Emil Andrae              0  0  0   1  0   0  0  2  0  2  0/0    19:30   2:46   1:07 
Frank Nazar              1  4  5   2  0   6  1  0  1  1  15/38  25:42   2:48   1:09 
Isak Rosen               0  0  0   0  0   5  2  0  0  1  0/1    21:20   3:20   1:12 
Jiri Kulich              0  1  1   0  0   1  1  0  0  0  2/2    19:43   2:48   1:12 
Kevin Korchinski         0  0  0   0  0   0  0  1  1  0  0/0    13:13   0:00   0:00 
Lukas Reichel            1  0  1   1  0   10 1  0  2  0  0/0    19:51   3:20   0:00 
Luke Tuch                0  0  0   0  0   0  1  0  0  0  0/0     3:47   0:00   0:00 
Oskar Olausson           0  0  0  -2  10  0  2  0  0  0  0/1     9:40   0:00   0:00 
Owen Pickering           0  0  0   1  2   0  1  2  0  0  0/0    19:14   2:46   0:52 
Pavel Mintyukov          0  0  0  -1  0   1  2  1  0  0  0/0    27:51   3:22   1:14 
Ryan O'Rourke            0  0  0   0  2   0  0  1  0  1  0/0    13:32   0:00   0:15 
Ryder Rolston            0  1  1  -1  0   3  4  1  0  3  4/10   18:44   0:00   0:00 
Samuel Honzek            0  0  0  -2  0   2  1  0  1  0  0/1    12:33   0:00   0:00 

Players Stats for Tucson Roadrunners

Player Name              G  A  P  +/- PIM S  H  SB GA TA FO     MP     PP MP  PK MP  
------------------------------------------------------------------------------------
                         0  0  0   0  0   0  0  0  0  0  0/0     0:00   0:00   0:00 
Atley Calvert            0  0  0  -1  0   1  1  0  2  0  6/9    14:05   0:00   0:00 
Chase Wheatcroft         1  1  2   1  5   5  3  2  0  0  0/0    15:19   1:20   0:00 
Fabian Wagner            0  0  0  -1  0   0  1  0  1  1  0/0    14:05   0:00   0:00 
Hunter Drew              0  0  0   0  2   1  1  0  0  0  0/0    12:35   0:00   0:00 
Hunter Haight            1  2  3   1  2   2  2  0  1  0  0/1    16:20   1:20   0:00 
Ivan Ivan                4  2  6   2  0   7  1  1  1  0  14/21  19:42   1:20   2:52 
Maxwell Crozier          0  2  2   5  0   1  1  1  0  1  0/0    19:54   1:13   3:07 
Nick Seeler              0  0  0  -5  0   1  2  1  0  1  0/0    29:05   1:08   3:01 
Ondrej Pavel             0  0  0  -1  0   3  2  0  1  1  1/1    14:53   0:00   0:30 
Samuel Knazko            0  0  0   0  5   0  0  0  0  0  0/0    11:46   0:00   0:00 
Steven Lorentz           1  0  1  -1  0   3  2  1  2  0  15/33  24:51   1:01   2:57 
Tanner Dickinson         0  0  0   0  0   1  0  0  0  0  2/2     6:17   0:00   0:19 
Topias Vilen             0  3  3   5  0   1  1  1  0  0  0/0    19:48   1:13   3:07 
Trevor Kuntar            0  0  0   0  4   0  0  0  0  0  0/1     6:10   0:00   0:00 
Tyson Barrie             0  0  0  -5  0   1  1  3  1  2  0/0    27:58   1:08   3:01 
Walker Duehr             0  0  0   0  0   2  1  0  1  1  2/2    20:25   1:01   2:41 
William Carrier          0  0  0  -1  0   4  2  0  0  0  1/1    20:30   1:01   2:57 
Zach Dean                0  0  0   0  0   0  0  0  0  0  0/0     2:19   0:00   0:00 

3 Stars

1 - Ivan Ivan (TRR)
2 - Alex Newhook (RIW)
3 - Frank Nazar (RIW)

Power Play

Rhode Island Whales - 1 on 4 Attempt(s) - 25.00%
Tucson Roadrunners - 2 on 3 Attempt(s) - 66.67%

Penalty Kill

Rhode Island Whales - 1 on 3 Attempt(s) - 33.33% - Score 0 goal in Penalty Kill
Tucson Roadrunners - 3 on 4 Attempt(s) - 75.00% - Score 0 goal in Penalty Kill

Team Stat

Rhode Island Whales - Hits : 22 - Faceoff Wins : 30 - Blocked Shots : 9 - Penalty Minutes : 16
Tucson Roadrunners - Hits : 21 - Faceoff Wins : 41 - Blocked Shots : 10 - Penalty Minutes : 18

Official

Referees : Marc Joannette and Kyle Rehman
Linesman : Ryan Jackson and Justin Johnson

Game Notes

Chase Wheatcroft and Oskar Olausson fight to a draw at 10:07 of 2nd period
Samuel Knazko and Oskar Olausson fight to a draw at 19:09 of 2nd period
Ivan Ivan has scored a Hat Trick!
Alex Newhook has scored a Hat Trick!

Rhode Island Whales

5 vs 5 Forward 
   Center                   Left Wing                Right Wing               Time % Phy DF OF 
 1 Frank Nazar              Alex Newhook             Jiri Kulich              30     1   2  2  
 2 Cam Lund                 Lukas Reichel            Isak Rosen               30     1   2  2  
 3 Ryder Rolston            Samuel Honzek            Oskar Olausson           25     1   2  2  
 4 Frank Nazar              Eduard Sale              Ryder Rolston            15     1   2  2  

5 vs 5 Defense 
   Defense                  Defense                                           Time % Phy DF OF 
 1 Pavel Mintyukov          Artyom Levshunov                                  30     1   2  2  
 2 Owen Pickering           Emil Andrae                                       30     1   2  2  
 3 Kevin Korchinski         Ryan O'Rourke                                     25     1   2  2  
 4 Pavel Mintyukov          Artyom Levshunov                                  15     1   2  2  

PowerPlay Forward 
   Center                   Left Wing                Right Wing               Time % Phy DF OF 
 1 Frank Nazar              Alex Newhook             Jiri Kulich              50     1   2  2  
 2 Cam Lund                 Lukas Reichel            Isak Rosen               50     1   2  2  

PowerPlay Defense
   Defense                  Defense                                           Time % Phy DF OF 
 1 Pavel Mintyukov          Artyom Levshunov                                  50     1   2  2  
 2 Owen Pickering           Emil Andrae                                       50     1   2  2  

Penalty Kill 4 Players Forward 
   Center                   Wing                     Time % Phy DF OF 
 1 Frank Nazar              Alex Newhook             50     1   2  2  
 2 Jiri Kulich              Isak Rosen               50     1   2  2  

Penalty Kill 4 Players Defense
   Defense                  Defense                  Time % Phy DF OF 
 1 Pavel Mintyukov          Artyom Levshunov         50     1   2  2  
 2 Owen Pickering           Emil Andrae              50     1   2  2  

Penalty Kill - 3 Players Forward 
   Forward                                           Time % Phy DF OF 
 1 Frank Nazar                                       50     1   2  2  
 2 Alex Newhook                                      50     1   2  2  

Penalty Kill - 3 Players Defense
   Defense                  Defense                  Time % Phy DF OF 
 1 Pavel Mintyukov          Artyom Levshunov         50     1   2  2  
 2 Owen Pickering           Emil Andrae              50     1   2  2  

4 vs 4 Forward 
   Center                   Wing                     Time % Phy DF OF 
 1 Frank Nazar              Alex Newhook             50     1   2  2  
 2 Jiri Kulich              Isak Rosen               50     1   2  2  

4 vs 4 Defense
   Defense                  Defense                  Time % Phy DF OF 
 1 Pavel Mintyukov          Artyom Levshunov         50     1   2  2  
 2 Owen Pickering           Emil Andrae              50     1   2  2  

Last Minutes Offensive
   Center                   Left Wing                Right Wing               Defense                  Defense                  
   Frank Nazar              Alex Newhook             Jiri Kulich              Pavel Mintyukov          Artyom Levshunov         

Last Minutes Defensive
   Center                   Left Wing                Right Wing               Defense                  Defense                  
   Frank Nazar              Alex Newhook             Jiri Kulich              Pavel Mintyukov          Artyom Levshunov         

Goaltenders
Starting : Cameron Whitehead        
Backup : Dylan Garand             

Extra Forwards
Normal : Luke Tuch, Cross Hanas, Oskar Olausson - PP : Luke Tuch, Cross Hanas - PK : Oskar Olausson
Extra Defensemen
Normal : Kevin Korchinski, Ryan O'Rourke, Owen Pickering - PP : Kevin Korchinski - PK : Ryan O'Rourke, Owen Pickering
Penalty Shots
Frank Nazar, Alex Newhook, Jiri Kulich, Isak Rosen, Lukas Reichel

Scratches
Calle Odelius (Healthy), Mitchell Weeks (Healthy)

Tucson Roadrunners

5 vs 5 Forward 
   Center                   Left Wing                Right Wing               Time % Phy DF OF 
 1 Steven Lorentz           William Carrier          Walker Duehr             35     0   3  2  
 2 Ivan Ivan                Chase Wheatcroft         Hunter Haight            30     0   3  2  
 3 Atley Calvert            Ondrej Pavel             Fabian Wagner            25     0   3  2  
 4 Tanner Dickinson         Trevor Kuntar            Steven Lorentz           10     0   3  2  

5 vs 5 Defense 
   Defense                  Defense                                           Time % Phy DF OF 
 1 Nick Seeler              Tyson Barrie                                      35     1   1  3  
 2 Maxwell Crozier          Topias Vilen                                      30     1   2  2  
 3 Samuel Knazko            Hunter Drew                                       25     1   3  1  
 4 Nick Seeler              Tyson Barrie                                      10     1   2  2  

PowerPlay Forward 
   Center                   Left Wing                Right Wing               Time % Phy DF OF 
 1 Steven Lorentz           William Carrier          Walker Duehr             50     0   2  3  
 2 Ivan Ivan                Chase Wheatcroft         Hunter Haight            50     0   2  3  

PowerPlay Defense
   Defense                  Defense                                           Time % Phy DF OF 
 1 Nick Seeler              Tyson Barrie                                      50     0   2  3  
 2 Maxwell Crozier          Topias Vilen                                      50     0   2  3  

Penalty Kill 4 Players Forward 
   Center                   Wing                     Time % Phy DF OF 
 1 Steven Lorentz           William Carrier          50     1   3  1  
 2 Ivan Ivan                Walker Duehr             50     1   3  1  

Penalty Kill 4 Players Defense
   Defense                  Defense                  Time % Phy DF OF 
 1 Nick Seeler              Tyson Barrie             50     1   3  1  
 2 Maxwell Crozier          Topias Vilen             50     1   3  1  

Penalty Kill - 3 Players Forward 
   Forward                                           Time % Phy DF OF 
 1 Steven Lorentz                                    50     1   2  2  
 2 William Carrier                                   50     1   2  2  

Penalty Kill - 3 Players Defense
   Defense                  Defense                  Time % Phy DF OF 
 1 Nick Seeler              Tyson Barrie             50     1   2  2  
 2 Maxwell Crozier          Topias Vilen             50     1   2  2  

4 vs 4 Forward 
   Center                   Wing                     Time % Phy DF OF 
 1 Steven Lorentz           William Carrier          50     1   2  2  
 2 Ivan Ivan                Walker Duehr             50     1   2  2  

4 vs 4 Defense
   Defense                  Defense                  Time % Phy DF OF 
 1 Nick Seeler              Tyson Barrie             50     1   2  2  
 2 Maxwell Crozier          Topias Vilen             50     1   2  2  

Last Minutes Offensive
   Center                   Left Wing                Right Wing               Defense                  Defense                  
   Steven Lorentz           William Carrier          Walker Duehr             Nick Seeler              Tyson Barrie             

Last Minutes Defensive
   Center                   Left Wing                Right Wing               Defense                  Defense                  
   Steven Lorentz           William Carrier          Walker Duehr             Nick Seeler              Tyson Barrie             

Goaltenders
Starting : Arturs Silovs            
Backup : Vyacheslav Peksa         

Extra Forwards
Normal : Zach Dean, Atley Calvert, Ondrej Pavel - PP : Zach Dean, Atley Calvert - PK : Ondrej Pavel
Extra Defensemen
Normal : Samuel Knazko, Hunter Drew, Maxwell Crozier - PP : Samuel Knazko - PK : Hunter Drew, Maxwell Crozier
Penalty Shots
Steven Lorentz, William Carrier, Ivan Ivan, Walker Duehr, Hunter Haight

Scratches
Lleyton Moore (Healthy), Corson Ceulemans (Healthy), Owen Lindmark (Healthy), Ryan Mast (Healthy), Dyllan Gill (Healthy)
Carter Hart (Healthy), Magnus Chrona (Healthy), Georgi Romanov (Healthy), Kevin Mandolese (Healthy), Hunter Shepard (Healthy)
Kaapo Kahkonen (Healthy), Ruslan Khazheyev (Healthy)

% Time on Ice - Rhode Island Whales

Lines # - Real PCT - Wanted PCT - Time Play
Normal Forward
1 - 29% - 30% - 14:44
2 - 33% - 30% - 16:36
3 - 25% - 25% - 12:33
4 - 14% - 15% - 6:56
Normal Defense
1 - 30% - 30% - 15:25
2 - 31% - 30% - 15:35
3 - 26% - 25% - 13:13
4 - 13% - 15% - 6:36
PP Forward
1 - 46% - 50% - 2:48
2 - 54% - 50% - 3:20
PP Defense
1 - 55% - 50% - 3:22
2 - 45% - 50% - 2:46
PK Forward
1 - 49% - 50% - 1:09
2 - 51% - 50% - 1:12
PK Defense
1 - 52% - 50% - 1:14
2 - 48% - 50% - 1:07
PK3 Forward
1 - 0% - 50%
2 - 0% - 50%
PK3 Defense
1 - 0% - 50%
2 - 0% - 50%
44 Forward
1 - 65% - 50% - 0:22
2 - 35% - 50% - 0:12
44 Defense
1 - 100% - 50% - 0:34
2 - 0% - 50% - 0:00
Last Minute Offensive  - 0:42
Last Minute Defensive  - 0:00
Total
Forward - 60:34
Defense - 60:34

% Time on Ice - Tucson Roadrunners

Lines # - Real PCT - Wanted PCT - Time Play
Normal Forward
1 - 31% - 35% - 15:33
2 - 31% - 30% - 15:33
3 - 28% - 25% - 14:05
4 - 11% - 10% - 5:40
Normal Defense
1 - 36% - 35% - 18:26
2 - 30% - 30% - 15:19
3 - 25% - 25% - 12:36
4 - 9% - 10% - 4:30
PP Forward
1 - 43% - 50% - 1:01
2 - 57% - 50% - 1:20
PP Defense
1 - 48% - 50% - 1:08
2 - 52% - 50% - 1:13
PK Forward
1 - 51% - 50% - 3:06
2 - 49% - 50% - 3:02
PK Defense
1 - 49% - 50% - 3:01
2 - 51% - 50% - 3:07
PK3 Forward
1 - 0% - 50%
2 - 0% - 50%
PK3 Defense
1 - 0% - 50%
2 - 0% - 50%
44 Forward
1 - 56% - 50% - 0:19
2 - 44% - 50% - 0:15
44 Defense
1 - 74% - 50% - 0:25
2 - 26% - 50% - 0:09
Last Minute Offensive  - 0:00
Last Minute Defensive  - 0:40
Total
Forward - 60:34
Defense - 60:34

Play-by-Play

1st period


0:01 of 1st period - Steven Lorentz wins face-off versus Frank Nazar in neutral zone.
0:15 of 1st period - Icing by Tyson Barrie.
0:16 of 1st period - Cam Lund wins face-off versus Steven Lorentz in Tucson Roadrunners zone.
0:19 of 1st period - Slapshot by Cam Lund.
0:19 of 1st period - Shot Misses the Net.
1:29 of 1st period - Slapshot by Lukas Reichel.
1:29 of 1st period - Shot Misses the Net.
1:31 of 1st period - Slapshot by Owen Pickering.
1:31 of 1st period - Deflect By Lukas Reichel.
1:31 of 1st period - Stopped by Arturs Silovs with a rebound.
1:33 of 1st period - Snap shot by Isak Rosen.
1:33 of 1st period - Stopped by Arturs Silovs with a rebound.
1:35 of 1st period - Slapshot by Owen Pickering.
1:35 of 1st period - Shot Misses the Net.
1:41 of 1st period - Wrist shot by Lukas Reichel.
1:41 of 1st period - Stopped by Arturs Silovs with a rebound.
1:43 of 1st period - Slapshot by Isak Rosen.
1:43 of 1st period - Stopped by Arturs Silovs with a rebound.
1:45 of 1st period - Wrist shot by Lukas Reichel.
1:45 of 1st period - Stopped by Arturs Silovs with a rebound.
2:13 of 1st period - Wrist shot by Cam Lund.
2:13 of 1st period - Stopped by Arturs Silovs with a rebound.
2:15 of 1st period - Snap shot by Cam Lund.
2:15 of 1st period - Shot Blocked by Tyson Barrie.
2:17 of 1st period - Snap shot by Isak Rosen.
2:17 of 1st period - Stopped by Arturs Silovs with a rebound.
2:49 of 1st period - Backhand shot by Cam Lund.
2:49 of 1st period - Stopped by Arturs Silovs with a rebound.
2:51 of 1st period - Slapshot by Owen Pickering.
2:51 of 1st period - Shot Misses the Net.
2:53 of 1st period - Wrist shot by Emil Andrae.
2:53 of 1st period - Shot Misses the Net.
2:55 of 1st period - Slapshot by Owen Pickering.
2:55 of 1st period - Deflect By Cam Lund.
2:55 of 1st period - Stopped by Arturs Silovs without a rebound.
2:56 of 1st period - Ivan Ivan wins face-off versus Ryder Rolston in Tucson Roadrunners zone.
3:26 of 1st period - Snap shot by Frank Nazar.
3:26 of 1st period - Deflect By Alex Newhook.
3:26 of 1st period - Shot Misses the Net.
3:26 of 1st period - Puck is out of play.
3:27 of 1st period - Atley Calvert wins face-off versus Frank Nazar in Tucson Roadrunners zone.
3:43 of 1st period - Minor Penalty to Hunter Drew for Interference.
3:44 of 1st period - Jiri Kulich wins face-off versus Ivan Ivan in Tucson Roadrunners zone.
3:54 of 1st period - Wrist shot by Alex Newhook.
3:54 of 1st period - Goal by Alex Newhook - Rhode Island Whales : 1 - Tucson Roadrunners : 0.
3:55 of 1st period - Ivan Ivan wins face-off versus Ryder Rolston in neutral zone.
4:00 of 1st period - Chase Wheatcroft is hit by Oskar Olausson and loses puck.
4:15 of 1st period - Hunter Drew is hit by Samuel Honzek and loses puck.
4:58 of 1st period - Hunter Drew is hit by Ryder Rolston and loses puck.
6:57 of 1st period - Icing by Maxwell Crozier.
6:58 of 1st period - Atley Calvert wins face-off versus Ryder Rolston in Tucson Roadrunners zone.
7:25 of 1st period - Snap shot by Cam Lund.
7:25 of 1st period - Deflect By Lukas Reichel.
7:25 of 1st period - Stopped by Arturs Silovs without a rebound.
7:26 of 1st period - Ondrej Pavel wins face-off versus Cam Lund in Tucson Roadrunners zone.
7:41 of 1st period - Slapshot by Ondrej Pavel.
7:41 of 1st period - Stopped by Cameron Whitehead with a rebound.
7:51 of 1st period - Chase Wheatcroft is hit by Jiri Kulich.
8:01 of 1st period - Snap shot by Alex Newhook.
8:01 of 1st period - Shot Blocked by Chase Wheatcroft.
8:03 of 1st period - Snap shot by Alex Newhook.
8:03 of 1st period - Stopped by Arturs Silovs with a rebound.
8:09 of 1st period - Minor Penalty to Hunter Haight for High sticking.
8:10 of 1st period - Cam Lund wins face-off versus Steven Lorentz in Tucson Roadrunners zone.
8:19 of 1st period - Wrist shot by Lukas Reichel.
8:19 of 1st period - Stopped by Arturs Silovs without a rebound.
8:20 of 1st period - Cam Lund wins face-off versus Steven Lorentz in Tucson Roadrunners zone.
8:41 of 1st period - Snap shot by Ivan Ivan.
8:41 of 1st period - Shot Blocked by Emil Andrae.
8:43 of 1st period - Snap shot by Ivan Ivan.
8:43 of 1st period - Deflect By Walker Duehr.
8:43 of 1st period - Stopped by Cameron Whitehead without a rebound.
8:44 of 1st period - Frank Nazar wins face-off versus Steven Lorentz in Rhode Island Whales zone.
9:38 of 1st period - Alex Newhook is hit by Tyson Barrie and loses puck.
10:09 of 1st period - Penalty to Hunter Haight is over, Hunter Haight is back on ice.
10:29 of 1st period - Snap shot by Ryder Rolston.
10:29 of 1st period - Deflect By Hunter Haight.
10:29 of 1st period - Stopped by Arturs Silovs without a rebound.
10:30 of 1st period - Ivan Ivan wins face-off versus Ryder Rolston in Tucson Roadrunners zone.
10:38 of 1st period - Slapshot by Samuel Honzek.
10:38 of 1st period - Shot Misses the Net.
10:40 of 1st period - Wrist shot by Oskar Olausson.
10:40 of 1st period - Shot Misses the Net.
10:42 of 1st period - Snap shot by Kevin Korchinski.
10:42 of 1st period - Deflect By Oskar Olausson.
10:42 of 1st period - Shot Misses the Net.
10:42 of 1st period - Puck is out of play.
10:43 of 1st period - Steven Lorentz wins face-off versus Oskar Olausson in Tucson Roadrunners zone.
10:58 of 1st period - Snap shot by Steven Lorentz.
10:58 of 1st period - Deflect By Walker Duehr.
10:58 of 1st period - Shot Misses the Net.
10:58 of 1st period - Puck is out of play.
10:59 of 1st period - Ivan Ivan wins face-off versus Frank Nazar in Rhode Island Whales zone.
11:04 of 1st period - Wrist shot by Ivan Ivan.
11:04 of 1st period - Goal by Ivan Ivan - Rhode Island Whales : 1 - Tucson Roadrunners : 1.
11:05 of 1st period - Ivan Ivan wins face-off versus Frank Nazar in neutral zone.
12:10 of 1st period - Minor Penalty to Ryan O'Rourke for Tripping.
12:11 of 1st period - Jiri Kulich wins face-off versus Steven Lorentz in Rhode Island Whales zone.
12:37 of 1st period - Nick Seeler is hit by Isak Rosen and loses puck.
12:44 of 1st period - Slapshot by Tyson Barrie.
12:44 of 1st period - Stopped by Cameron Whitehead with a rebound.
12:46 of 1st period - Wrist shot by Chase Wheatcroft.
12:46 of 1st period - Shot Blocked by Pavel Mintyukov.
13:13 of 1st period - Icing by Maxwell Crozier.
13:14 of 1st period - Steven Lorentz wins face-off versus Frank Nazar in Tucson Roadrunners zone.
13:14 of 1st period - Steven Lorentz is hit by Alex Newhook.
13:28 of 1st period - Frank Nazar is hit by Ivan Ivan and loses puck.
14:10 of 1st period - Penalty to Ryan O'Rourke is over, Ryan O'Rourke is back on ice.
14:17 of 1st period - Off-side.
14:18 of 1st period - Ryder Rolston wins face-off versus Atley Calvert in neutral zone.
14:34 of 1st period - Ryder Rolston is hit by Nick Seeler and loses puck.
15:03 of 1st period - Wrist shot by Lukas Reichel.
15:03 of 1st period - Shot Blocked by Chase Wheatcroft.
15:27 of 1st period - Ryan O'Rourke is hit by Maxwell Crozier and loses puck.
16:12 of 1st period - Oskar Olausson is hit by Chase Wheatcroft and loses puck.
16:42 of 1st period - Alex Newhook is hit by Steven Lorentz and loses puck.
16:53 of 1st period - Nick Seeler is hit by Ryder Rolston and loses puck.
17:30 of 1st period - Lukas Reichel is hit by Fabian Wagner.
18:27 of 1st period - Pavel Mintyukov is hit by Hunter Haight and loses puck.
19:03 of 1st period - Samuel Honzek is hit by Ondrej Pavel and loses puck.
19:08 of 1st period - Backhand shot by Atley Calvert.
19:08 of 1st period - Stopped by Cameron Whitehead without a rebound.
19:09 of 1st period - Ivan Ivan wins face-off versus Alex Newhook in Rhode Island Whales zone.
19:10 of 1st period - Wrist shot by Chase Wheatcroft.
19:10 of 1st period - Stopped by Cameron Whitehead without a rebound.
19:11 of 1st period - Ivan Ivan wins face-off versus Alex Newhook in Rhode Island Whales zone.
19:16 of 1st period - Snap shot by Ivan Ivan.
19:16 of 1st period - Goal by Ivan Ivan - Rhode Island Whales : 1 - Tucson Roadrunners : 2.
19:17 of 1st period - Frank Nazar wins face-off versus Steven Lorentz in neutral zone.
19:33 of 1st period - Snap shot by Frank Nazar.
19:33 of 1st period - Stopped by Arturs Silovs with a rebound.
19:43 of 1st period - Hunter Haight is hit by Pavel Mintyukov and loses puck.
Goals for this period are 1 for Rhode Island Whales vs 2 for Tucson Roadrunners.
Shots for this period are 15 for Rhode Island Whales vs 7 for Tucson Roadrunners.

2nd period


0:01 of 2nd period - Steven Lorentz wins face-off versus Frank Nazar in neutral zone.
0:08 of 2nd period - Snap shot by William Carrier.
0:08 of 2nd period - Stopped by Cameron Whitehead with a rebound.
0:20 of 2nd period - Pavel Mintyukov is hit by Walker Duehr and loses puck.
1:18 of 2nd period - Snap shot by Ivan Ivan.
1:18 of 2nd period - Stopped by Cameron Whitehead with a rebound.
1:20 of 2nd period - Snap shot by Chase Wheatcroft.
1:20 of 2nd period - Stopped by Cameron Whitehead without a rebound.
1:21 of 2nd period - Ivan Ivan wins face-off versus Frank Nazar in Rhode Island Whales zone.
1:22 of 2nd period - Snap shot by Chase Wheatcroft.
1:22 of 2nd period - Stopped by Cameron Whitehead with a rebound.
1:24 of 2nd period - Slapshot by Samuel Knazko.
1:24 of 2nd period - Shot Blocked by Owen Pickering.
1:26 of 2nd period - Wrist shot by Chase Wheatcroft.
1:26 of 2nd period - Shot Blocked by Owen Pickering.
1:28 of 2nd period - Slapshot by Hunter Haight.
1:28 of 2nd period - Stopped by Cameron Whitehead with a rebound.
1:32 of 2nd period - Snap shot by Chase Wheatcroft.
1:32 of 2nd period - Stopped by Cameron Whitehead without a rebound.
1:33 of 2nd period - Ryder Rolston wins face-off versus Steven Lorentz in Rhode Island Whales zone.
1:46 of 2nd period - Snap shot by Steven Lorentz.
1:46 of 2nd period - Goal by Steven Lorentz - Rhode Island Whales : 1 - Tucson Roadrunners : 3.
1:47 of 2nd period - Steven Lorentz wins face-off versus Frank Nazar in neutral zone.
3:05 of 2nd period - Snap shot by Fabian Wagner.
3:05 of 2nd period - Shot Misses the Net.
3:27 of 2nd period - Emil Andrae is hit by Ondrej Pavel and loses puck.
3:34 of 2nd period - Snap shot by Atley Calvert.
3:34 of 2nd period - Shot Misses the Net.
3:47 of 2nd period - Minor Penalty to Owen Pickering for Tripping.
3:48 of 2nd period - Frank Nazar wins face-off versus Ivan Ivan in Rhode Island Whales zone.
3:58 of 2nd period - Wrist shot by Ivan Ivan.
3:58 of 2nd period - Shot Blocked by Emil Andrae.
4:00 of 2nd period - Wrist shot by Chase Wheatcroft.
4:00 of 2nd period - Shot Misses the Net.
4:02 of 2nd period - Snap shot by Hunter Haight.
4:02 of 2nd period - Goal by Hunter Haight - Rhode Island Whales : 1 - Tucson Roadrunners : 4.
4:03 of 2nd period - Steven Lorentz wins face-off versus Frank Nazar in neutral zone.
4:51 of 2nd period - Snap shot by Alex Newhook.
4:51 of 2nd period - Deflect By Steven Lorentz.
4:51 of 2nd period - Shot Misses the Net.
4:51 of 2nd period - Puck is out of play.
4:52 of 2nd period - Frank Nazar wins face-off versus Trevor Kuntar in Tucson Roadrunners zone.
5:19 of 2nd period - Emil Andrae is hit by Chase Wheatcroft and loses puck.
5:41 of 2nd period - Wrist shot by Cam Lund.
5:41 of 2nd period - Deflect By Lukas Reichel.
5:41 of 2nd period - Shot Blocked by Tyson Barrie.
5:41 of 2nd period - Puck is out of play.
5:42 of 2nd period - Cam Lund wins face-off versus Steven Lorentz in Tucson Roadrunners zone.
5:43 of 2nd period - Slapshot by Lukas Reichel.
5:43 of 2nd period - Shot Misses the Net.
6:23 of 2nd period - Snap shot by Lukas Reichel.
6:23 of 2nd period - Stopped by Arturs Silovs without a rebound.
6:24 of 2nd period - Ivan Ivan wins face-off versus Frank Nazar in Tucson Roadrunners zone.
6:31 of 2nd period - Emil Andrae is hit by Chase Wheatcroft and loses puck.
7:14 of 2nd period - Snap shot by Ondrej Pavel.
7:14 of 2nd period - Stopped by Cameron Whitehead with a rebound.
7:16 of 2nd period - Wrist shot by Fabian Wagner.
7:16 of 2nd period - Shot Blocked by Eduard Sale.
7:18 of 2nd period - Wrist shot by Fabian Wagner.
7:18 of 2nd period - Shot Misses the Net.
7:20 of 2nd period - Wrist shot by Atley Calvert.
7:20 of 2nd period - Shot Blocked by Kevin Korchinski.
7:22 of 2nd period - Snap shot by Fabian Wagner.
7:22 of 2nd period - Shot Misses the Net.
7:24 of 2nd period - Snap shot by Ondrej Pavel.
7:24 of 2nd period - Stopped by Cameron Whitehead with a rebound.
7:49 of 2nd period - Minor Penalty to Trevor Kuntar for Tripping.
7:50 of 2nd period - William Carrier wins face-off versus Cam Lund in Tucson Roadrunners zone.
7:59 of 2nd period - Snap shot by Ivan Ivan.
7:59 of 2nd period - Stopped by Cameron Whitehead without a rebound.
8:00 of 2nd period - Ivan Ivan wins face-off versus Cam Lund in Rhode Island Whales zone.
8:03 of 2nd period - Snap shot by Ivan Ivan.
8:03 of 2nd period - Stopped by Cameron Whitehead with a rebound.
8:13 of 2nd period - Snap shot by Walker Duehr.
8:13 of 2nd period - Stopped by Cameron Whitehead without a rebound.
8:14 of 2nd period - Frank Nazar wins face-off versus Steven Lorentz in Rhode Island Whales zone.
8:14 of 2nd period - Frank Nazar is hit by William Carrier.
9:49 of 2nd period - Penalty to Trevor Kuntar is over, Trevor Kuntar is back on ice.
9:54 of 2nd period - Slapshot by Samuel Honzek.
9:54 of 2nd period - Stopped by Arturs Silovs with a rebound.
10:04 of 2nd period - Snap shot by Samuel Honzek.
10:04 of 2nd period - Stopped by Arturs Silovs with a rebound.
10:06 of 2nd period - Slapshot by Ryder Rolston.
10:06 of 2nd period - Deflect By Samuel Honzek.
10:06 of 2nd period - Shot Misses the Net.
10:06 of 2nd period - Puck is out of play.
10:07 of 2nd period - Ivan Ivan wins face-off versus Samuel Honzek in Tucson Roadrunners zone.
10:07 of 2nd period - Chase Wheatcroft and Oskar Olausson fight to a draw.
10:07 of 2nd period - Penalty to Chase Wheatcroft for Fighting.
10:07 of 2nd period - Penalty to Oskar Olausson for Fighting.
10:08 of 2nd period - Frank Nazar wins face-off versus Steven Lorentz in Tucson Roadrunners zone.
10:09 of 2nd period - Snap shot by Alex Newhook.
10:09 of 2nd period - Stopped by Arturs Silovs with a rebound.
10:34 of 2nd period - Nick Seeler is hit by Artyom Levshunov and loses puck.
11:30 of 2nd period - Snap shot by Steven Lorentz.
11:30 of 2nd period - Shot Misses the Net.
11:32 of 2nd period - Slapshot by William Carrier.
11:32 of 2nd period - Shot Misses the Net.
11:34 of 2nd period - Slapshot by Samuel Knazko.
11:34 of 2nd period - Shot Misses the Net.
11:36 of 2nd period - Snap shot by William Carrier.
11:36 of 2nd period - Deflect By Walker Duehr.
11:36 of 2nd period - Shot Blocked by Ryan O'Rourke.
11:36 of 2nd period - Puck is out of play.
11:37 of 2nd period - Steven Lorentz wins face-off versus Frank Nazar in Rhode Island Whales zone.
12:02 of 2nd period - Fabian Wagner is hit by Cam Lund.
13:27 of 2nd period - Off-side.
13:28 of 2nd period - Tanner Dickinson wins face-off versus Eduard Sale in neutral zone.
14:01 of 2nd period - Snap shot by Frank Nazar.
14:01 of 2nd period - Stopped by Arturs Silovs with a rebound.
14:03 of 2nd period - Slapshot by Pavel Mintyukov.
14:03 of 2nd period - Stopped by Arturs Silovs with a rebound.
14:05 of 2nd period - Snap shot by Pavel Mintyukov.
14:05 of 2nd period - Shot Blocked by Nick Seeler.
14:17 of 2nd period - Ryder Rolston is hit by Nick Seeler and loses puck.
14:26 of 2nd period - Tyson Barrie is hit by Ryder Rolston.
14:34 of 2nd period - Wrist shot by Ondrej Pavel.
14:34 of 2nd period - Shot Misses the Net.
14:42 of 2nd period - Nick Seeler is hit by Owen Pickering and loses puck.
14:53 of 2nd period - Snap shot by Ryder Rolston.
14:53 of 2nd period - Stopped by Arturs Silovs with a rebound.
14:55 of 2nd period - Backhand shot by Eduard Sale.
14:55 of 2nd period - Goal by Eduard Sale - Rhode Island Whales : 2 - Tucson Roadrunners : 4.
14:56 of 2nd period - Cam Lund wins face-off versus Steven Lorentz in neutral zone.
15:01 of 2nd period - Snap shot by Cam Lund.
15:01 of 2nd period - Stopped by Arturs Silovs with a rebound.
15:05 of 2nd period - Slapshot by Cam Lund.
15:05 of 2nd period - Stopped by Arturs Silovs with a rebound.
15:07 of 2nd period - Slapshot by Isak Rosen.
15:07 of 2nd period - Stopped by Arturs Silovs with a rebound.
15:09 of 2nd period - Snap shot by Lukas Reichel.
15:09 of 2nd period - Stopped by Arturs Silovs without a rebound.
15:10 of 2nd period - Cam Lund wins face-off versus Hunter Haight in Tucson Roadrunners zone.
15:11 of 2nd period - Snap shot by Lukas Reichel.
15:11 of 2nd period - Shot Misses the Net.
15:17 of 2nd period - Wrist shot by Lukas Reichel.
15:17 of 2nd period - Deflect By Ivan Ivan.
15:17 of 2nd period - Stopped by Arturs Silovs without a rebound.
15:18 of 2nd period - Ivan Ivan wins face-off versus Cam Lund in Tucson Roadrunners zone.
15:28 of 2nd period - Wrist shot by Hunter Haight.
15:28 of 2nd period - Shot Misses the Net.
15:34 of 2nd period - Chase Wheatcroft is hit by Isak Rosen and loses puck.
15:39 of 2nd period - Slapshot by Lukas Reichel.
15:39 of 2nd period - Shot Blocked by Topias Vilen.
15:41 of 2nd period - Slapshot by Artyom Levshunov.
15:41 of 2nd period - Deflect By Cam Lund.
15:41 of 2nd period - Stopped by Arturs Silovs with a rebound.
15:49 of 2nd period - Wrist shot by Isak Rosen.
15:49 of 2nd period - Shot Blocked by Ivan Ivan.
15:51 of 2nd period - Snap shot by Artyom Levshunov.
15:51 of 2nd period - Deflect By Isak Rosen.
15:51 of 2nd period - Stopped by Arturs Silovs with a rebound.
16:05 of 2nd period - Slapshot by Lukas Reichel.
16:05 of 2nd period - Stopped by Arturs Silovs without a rebound.
16:06 of 2nd period - Steven Lorentz wins face-off versus Frank Nazar in Tucson Roadrunners zone.
16:55 of 2nd period - Minor Penalty to Trevor Kuntar for Holding Stick.
16:56 of 2nd period - Frank Nazar wins face-off versus Steven Lorentz in Tucson Roadrunners zone.
17:04 of 2nd period - Snap shot by Alex Newhook.
17:04 of 2nd period - Shot Misses the Net.
17:32 of 2nd period - Walker Duehr is hit by Cam Lund and loses puck.
18:49 of 2nd period - Pavel Mintyukov is hit by Steven Lorentz and loses puck.
18:55 of 2nd period - Penalty to Trevor Kuntar is over, Trevor Kuntar is back on ice.
19:08 of 2nd period - Slapshot by Artyom Levshunov.
19:08 of 2nd period - Stopped by Arturs Silovs without a rebound.
19:09 of 2nd period - Atley Calvert wins face-off versus Ryder Rolston in Tucson Roadrunners zone.
19:09 of 2nd period - Samuel Knazko and Oskar Olausson fight to a draw.
19:09 of 2nd period - Penalty to Samuel Knazko for Fighting.
19:09 of 2nd period - Penalty to Oskar Olausson for Fighting.
19:10 of 2nd period - Frank Nazar wins face-off versus Steven Lorentz in Tucson Roadrunners zone.
19:44 of 2nd period - Wrist shot by Ryder Rolston.
19:44 of 2nd period - Stopped by Arturs Silovs with a rebound.
Goals for this period are 1 for Rhode Island Whales vs 2 for Tucson Roadrunners.
Shots for this period are 18 for Rhode Island Whales vs 13 for Tucson Roadrunners.

3rd period


0:01 of 3rd period - Frank Nazar wins face-off versus Steven Lorentz in neutral zone.
0:03 of 3rd period - Artyom Levshunov is hit by Topias Vilen and loses puck.
0:10 of 3rd period - Wrist shot by Frank Nazar.
0:10 of 3rd period - Stopped by Arturs Silovs without a rebound.
0:11 of 3rd period - Steven Lorentz wins face-off versus Frank Nazar in Tucson Roadrunners zone.
0:21 of 3rd period - Off-side.
0:22 of 3rd period - Steven Lorentz wins face-off versus Frank Nazar in neutral zone.
0:27 of 3rd period - Alex Newhook is hit by William Carrier and loses puck.
2:03 of 3rd period - Samuel Honzek is hit by Atley Calvert and loses puck.
2:14 of 3rd period - Steven Lorentz is hit by Cam Lund and loses puck.
3:26 of 3rd period - William Carrier is hit by Luke Tuch and loses puck.
3:52 of 3rd period - Slapshot by Nick Seeler.
3:52 of 3rd period - Deflect By Artyom Levshunov.
3:52 of 3rd period - Stopped by Cameron Whitehead with a rebound.
4:10 of 3rd period - Trevor Kuntar is hit by Ryder Rolston and loses puck.
4:41 of 3rd period - Icing by Isak Rosen.
4:42 of 3rd period - Atley Calvert wins face-off versus Cam Lund in Rhode Island Whales zone.
5:30 of 3rd period - Snap shot by William Carrier.
5:30 of 3rd period - Stopped by Cameron Whitehead without a rebound.
5:31 of 3rd period - Walker Duehr wins face-off versus Frank Nazar in Rhode Island Whales zone.
5:32 of 3rd period - Snap shot by William Carrier.
5:32 of 3rd period - Stopped by Cameron Whitehead with a rebound.
5:34 of 3rd period - Snap shot by Steven Lorentz.
5:34 of 3rd period - Stopped by Cameron Whitehead without a rebound.
5:35 of 3rd period - Steven Lorentz wins face-off versus Frank Nazar in Rhode Island Whales zone.
5:36 of 3rd period - Wrist shot by Walker Duehr.
5:36 of 3rd period - Shot Misses the Net.
5:38 of 3rd period - Snap shot by William Carrier.
5:38 of 3rd period - Stopped by Cameron Whitehead without a rebound.
5:39 of 3rd period - Steven Lorentz wins face-off versus Frank Nazar in Rhode Island Whales zone.
6:09 of 3rd period - Wrist shot by Ivan Ivan.
6:09 of 3rd period - Shot Misses the Net.
6:11 of 3rd period - Slapshot by Ivan Ivan.
6:11 of 3rd period - Goal by Ivan Ivan - Rhode Island Whales : 2 - Tucson Roadrunners : 5.
6:12 of 3rd period - Steven Lorentz wins face-off versus Frank Nazar in neutral zone.
6:28 of 3rd period - Wrist shot by Alex Newhook.
6:28 of 3rd period - Goal by Alex Newhook - Rhode Island Whales : 3 - Tucson Roadrunners : 5.
6:29 of 3rd period - Frank Nazar wins face-off versus Steven Lorentz in neutral zone.
6:36 of 3rd period - Wrist shot by Frank Nazar.
6:36 of 3rd period - Shot Misses the Net.
6:56 of 3rd period - Chase Wheatcroft is hit by Pavel Mintyukov and loses puck.
7:42 of 3rd period - Emil Andrae is hit by Hunter Drew and loses puck.
7:52 of 3rd period - Icing by Owen Pickering.
7:53 of 3rd period - Frank Nazar wins face-off versus Ivan Ivan in Rhode Island Whales zone.
8:00 of 3rd period - Snap shot by Alex Newhook.
8:00 of 3rd period - Stopped by Arturs Silovs without a rebound.
8:01 of 3rd period - Ryder Rolston wins face-off versus Steven Lorentz in Tucson Roadrunners zone.
8:09 of 3rd period - Off-side.
8:10 of 3rd period - Steven Lorentz wins face-off versus Frank Nazar in neutral zone.
10:12 of 3rd period - Minor Penalty to Artyom Levshunov for Delaying the game.
10:13 of 3rd period - Ivan Ivan wins face-off versus Isak Rosen in Rhode Island Whales zone.
10:13 of 3rd period - Snap shot by Hunter Haight.
10:13 of 3rd period - Shot Misses the Net.
10:15 of 3rd period - Slapshot by Ivan Ivan.
10:15 of 3rd period - Shot Misses the Net.
10:17 of 3rd period - Slapshot by Topias Vilen.
10:17 of 3rd period - Shot Misses the Net.
10:19 of 3rd period - Slapshot by Chase Wheatcroft.
10:19 of 3rd period - Goal by Chase Wheatcroft - Rhode Island Whales : 3 - Tucson Roadrunners : 6.
10:20 of 3rd period - Walker Duehr wins face-off versus Frank Nazar in neutral zone.
11:48 of 3rd period - Wrist shot by Alex Newhook.
11:48 of 3rd period - Deflect By Frank Nazar.
11:48 of 3rd period - Shot Misses the Net.
11:48 of 3rd period - Puck is out of play.
11:49 of 3rd period - Ivan Ivan wins face-off versus Alex Newhook in Tucson Roadrunners zone.
12:27 of 3rd period - Icing by Ondrej Pavel.
12:28 of 3rd period - Atley Calvert wins face-off versus Ryder Rolston in Tucson Roadrunners zone.
12:28 of 3rd period - Atley Calvert is hit by Oskar Olausson.
12:55 of 3rd period - Wrist shot by Tyson Barrie.
12:55 of 3rd period - Shot Misses the Net.
13:15 of 3rd period - Snap shot by Frank Nazar.
13:15 of 3rd period - Stopped by Arturs Silovs without a rebound.
13:16 of 3rd period - Tanner Dickinson wins face-off versus Frank Nazar in Tucson Roadrunners zone.
13:27 of 3rd period - Snap shot by Frank Nazar.
13:27 of 3rd period - Shot Misses the Net.
13:50 of 3rd period - Artyom Levshunov is hit by Hunter Haight and loses puck.
14:43 of 3rd period - Wrist shot by Lukas Reichel.
14:43 of 3rd period - Deflect By Cam Lund.
14:43 of 3rd period - Stopped by Arturs Silovs without a rebound.
14:44 of 3rd period - Cam Lund wins face-off versus Ivan Ivan in Tucson Roadrunners zone.
14:45 of 3rd period - Snap shot by Lukas Reichel.
14:45 of 3rd period - Goal by Lukas Reichel - Rhode Island Whales : 4 - Tucson Roadrunners : 6.
14:46 of 3rd period - Frank Nazar wins face-off versus Ivan Ivan in neutral zone.
14:49 of 3rd period - Hunter Haight is hit by Frank Nazar and loses puck.
15:16 of 3rd period - Off-side.
15:17 of 3rd period - Cam Lund wins face-off versus Atley Calvert in neutral zone.
15:33 of 3rd period - Snap shot by Cam Lund.
15:33 of 3rd period - Stopped by Arturs Silovs with a rebound.
16:36 of 3rd period - Snap shot by Ryder Rolston.
16:36 of 3rd period - Shot Blocked by Maxwell Crozier.
17:20 of 3rd period - Icing by Artyom Levshunov.
17:21 of 3rd period - Ryder Rolston wins face-off versus Ivan Ivan in Rhode Island Whales zone.
17:48 of 3rd period - Snap shot by Steven Lorentz.
17:48 of 3rd period - Stopped by Cameron Whitehead with a rebound.
17:50 of 3rd period - Wrist shot by Tanner Dickinson.
17:50 of 3rd period - Stopped by Cameron Whitehead with a rebound.
17:52 of 3rd period - Snap shot by Hunter Drew.
17:52 of 3rd period - Stopped by Cameron Whitehead with a rebound.
17:54 of 3rd period - Snap shot by Samuel Knazko.
17:54 of 3rd period - Shot Blocked by Ryder Rolston.
18:04 of 3rd period - Wrist shot by Frank Nazar.
18:04 of 3rd period - Stopped by Arturs Silovs without a rebound.
18:05 of 3rd period - Frank Nazar wins face-off versus Ivan Ivan in Tucson Roadrunners zone.
18:08 of 3rd period - Wrist shot by Alex Newhook.
18:08 of 3rd period - Goal by Alex Newhook - Rhode Island Whales : 5 - Tucson Roadrunners : 6.
18:09 of 3rd period - Atley Calvert wins face-off versus Frank Nazar in neutral zone.
18:35 of 3rd period - Fabian Wagner is hit by Lukas Reichel.
18:39 of 3rd period - Rhode Island Whales, Cameron Whitehead is pulled from the net.
18:48 of 3rd period - Off-side.
18:49 of 3rd period - Guy Boucher call a timeout for Rhode Island Whales.
18:49 of 3rd period - Frank Nazar wins face-off versus Steven Lorentz in neutral zone.
19:00 of 3rd period - Slapshot by Alex Newhook.
19:00 of 3rd period - Shot Blocked by Steven Lorentz.
19:02 of 3rd period - Snap shot by Frank Nazar.
19:02 of 3rd period - Shot Misses the Net.
19:04 of 3rd period - Wrist shot by Pavel Mintyukov.
19:04 of 3rd period - Shot Misses the Net.
19:06 of 3rd period - Wrist shot by Jiri Kulich.
19:06 of 3rd period - Stopped by Arturs Silovs with a rebound.
19:22 of 3rd period - Snap shot by Alex Newhook.
19:22 of 3rd period - Shot Blocked by Tyson Barrie.
19:24 of 3rd period - Snap shot by Alex Newhook.
19:24 of 3rd period - Stopped by Arturs Silovs without a rebound.
19:25 of 3rd period - Frank Nazar wins face-off versus Steven Lorentz in Tucson Roadrunners zone.
19:26 of 3rd period - Wrist shot by Alex Newhook.
19:26 of 3rd period - Stopped by Arturs Silovs with a rebound.
19:28 of 3rd period - Wrist shot by Frank Nazar.
19:28 of 3rd period - Goal by Frank Nazar - Rhode Island Whales : 6 - Tucson Roadrunners : 6.
19:28 of 3rd period - Cameron Whitehead from Rhode Island Whales was sent back in the game.
19:29 of 3rd period - Eduard Sale wins face-off versus Atley Calvert in neutral zone.
19:55 of 3rd period - Trevor Kuntar is hit by Artyom Levshunov and loses puck.
Goals for this period are 4 for Rhode Island Whales vs 2 for Tucson Roadrunners.
Shots for this period are 13 for Rhode Island Whales vs 10 for Tucson Roadrunners.

Overtime #1


0:01 of 1st overtime period - Steven Lorentz wins face-off versus Frank Nazar in neutral zone.
0:30 of 1st overtime period - Slapshot by Maxwell Crozier.
0:30 of 1st overtime period - Stopped by Cameron Whitehead with a rebound.
0:32 of 1st overtime period - Slapshot by Topias Vilen.
0:32 of 1st overtime period - Stopped by Cameron Whitehead with a rebound.
0:34 of 1st overtime period - Wrist shot by Ivan Ivan.
0:34 of 1st overtime period - Goal by Ivan Ivan - Rhode Island Whales : 6 - Tucson Roadrunners : 7.
Goals for this period are 0 for Rhode Island Whales vs 1 for Tucson Roadrunners.
Shots for this period are 0 for Rhode Island Whales vs 3 for Tucson Roadrunners.